 Dungeon Crawl Stone Soup version 0.30.0-30-g96aa6591b8 (webtiles) character file.

Game seed: 15208134312170368448

4201 ANNNA the Thaumaturge (level 10, -4/73 HPs)
             Began as a Grey Draconian Conjurer on June 27, 2023.
             Was an Initiate of Ashenzari.
             Slain by a hornet (8 damage)
             ... while paralysed by a hornet
             ... on level 7 of the Dungeon.
             The game lasted 00:28:52 (11654 turns).

ANNNA the Thaumaturge (Grey Draconian Conjurer)    Turns: 11654, Time: 00:28:59

Health: -4/73      AC: 14    Str: 12    XL:     10   Next: 8%
Magic:  11/23      EV:  2    Int: 19    God:    Ashenzari [......]
Gold:   26         SH:  0    Dex: 11    Spells: 23/27 levels left

rFire   . . .        f - +0 halberd
rCold   . . .        (shield currently unavailable)
rNeg    . . .        (body armour unavailable)
rPois   .            (helmet restricted)
rElec   .            g - +0 cloak
rCorr   .            (no gloves)
SInv    .            s - +0 pair of boots
Will    .....        B - amulet of regeneration
Stlth   ++           (no ring)
HPRegen 1.12/turn    (no ring)
MPRegen 0.18/turn

%: no passive effects
@: paralysed, lethally poisoned (-4 -> -17), slowed
A: AC +12, amphibious, unfitting armour, cold-blooded
a: Renounce Religion, Curse Item


You were on level 7 of the Dungeon.
You worshipped Ashenzari.
Ashenzari was noncommittal.
You visited 2 branches of the dungeon, and saw 8 of its levels.
You also visited: Sewer.

You collected 424 gold pieces.
You spent 398 gold pieces at shops.

Inventory:

Hand Weapons
 f - a +0 halberd (weapon)
 l - a +0 dagger
 v - a +0 spear
Missiles
 k - 32 stones
 y - 13 poisoned darts
 A - 5 atropa-tipped darts
 C - 2 throwing nets
 G - a curare-tipped dart
Armour
 g - a +0 cloak (worn)
 s - a +0 pair of boots (worn)
Jewellery
 B - an amulet of regeneration (around neck)
 H - an amulet of reflection
 J - a +5 ring of evasion
Wands
 E - a wand of paralysis (5)
 K - a wand of polymorph (11)
Scrolls
 b - 2 scrolls of fear
 d - 4 scrolls of immolation
 e - 6 scrolls of teleportation
 i - 2 scrolls of fog
 j - a scroll of brand weapon {unknown}
 n - 2 scrolls of blinking {unknown}
 q - 2 scrolls of vulnerability {unknown}
 r - 2 scrolls of amnesia
 w - a scroll of enchant armour {unknown}
 x - 2 scrolls of silence
 D - 2 scrolls of identify
 F - 3 scrolls of enchant weapon {unknown}
Potions
 a - a potion of magic
 c - 2 potions of flight
 h - a potion of invisibility {unknown}
 m - 5 potions of mutation
 o - 5 potions of heal wounds
 p - 3 potions of curing
 t - a potion of ambrosia {unknown}
 u - 3 potions of attraction
 z - a potion of might {unknown}
 I - a potion of haste {unknown}


   Skills:
 + Level 2.2 Fighting
 * Level 5.0 Polearms
 * Level 6.6 Dodging
 + Level 3.2 Stealth
 * Level 9.2 Spellcasting
 + Level 6.7 Conjurations
 + Level 0.3 Translocations


You had 23 spell levels left.
You knew the following spells:

 Your Spells              Type           Power      Damage    Failure   Level
a - Magic Dart            Conj           100%       1d8       1%          1
b - Searing Ray           Conj           68%        2d6       1%          2
c - Apportation           Tloc           20%        N/A       7%          1

Your spell library contained the following spells:

 Spells                   Type           Power      Damage    Failure   Level
 Foxfire                  Conj/Fire      84%        2x1d8     1%          1
 Dazzling Flash           Conj/Hex       42%        N/A       6%          3
 Necrotise                Necr           32%        1d5       9%          1
 Summon Small Mammal      Summ           32%        N/A       9%          1
 Iskenderun's Mystic Bla  Conj/Tloc      22%        2d6       19%         4
 Fulminant Prism          Conj/Hex       10%        3d8       21%         4
 Fireball                 Conj/Fire      10%        3d6       50%         5
 Death's Door             Necr           4%         N/A       100%        9


Dungeon Overview and Level Annotations

Branches:
Dungeon (7/15)             Temple (1/1) D:5           Sewer (visited)

Altars:
Ashenzari
Cheibriados
Elyvilon
Fedhas
Gozag
Hepliaklqana
Kikubaaqudgha
Makhleb
Nemelex Xobeh
Okawaru
Qazlal
Ru
Trog
Uskayaw
Vehumet
Wu Jian
Xom
Yredelemnul
Zin
The Shining One

Shops:
D:5 *   D:7 *:!(!

Annotations:
D:2 1 runed translucent door, Crazy Yiuf


Innate Abilities, Weirdness & Mutations

Your dull iron-grey scales are very hard. (AC +12)
You are amphibious.
You cannot fit into any form of body armour.
You are cold-blooded and may be slowed by cold attacks.


Message History

The hornet stings you!
You feel as though you will be slow longer.
The searing ray hits the hornet but does no damage.
The hornet is severely wounded.
You feel very sick.
The hornet stings you but does no damage.
The hornet misses you.
The searing ray hits the hornet.
The hornet is severely wounded.
You feel very sick. The hornet barely misses you.
The hornet closely misses you.
The searing ray hits the hornet.
The hornet is severely wounded.
You finish channelling your searing ray.
You feel sick. The hornet barely misses you.
The hornet stings you but does no damage.
The hornet stings you.
You are more poisoned.
You feel as though you will be slow longer.
Casting: Searing Ray (safe; 1% risk of failure)
Confirm with . or Enter, or press ? or * to list all spells.
Aiming: Searing Ray (safe; 1% risk of failure)
Press: ? - help, Shift-Dir - straight line, f/p - hornet
Aim: a hornet (severely wounded, 71% to hit)
The searing ray hits the hornet.
The hornet is almost dead. (Press . to maintain the ray.)
You feel very sick. The hornet stings you.
* * * LOW HITPOINT WARNING * * *
You are more poisoned.
You feel as though you will be slow longer.
The hornet stings you but does no damage.
The searing ray misses the hornet.
You feel extremely sick. The hornet stings you!
* * * LOW HITPOINT WARNING * * *
You are more poisoned.
You suddenly lose the ability to move!
The hornet stings you!
You die...

..........##.# ##............
...∩..##..# ........#.#..........
......##.....#......#.#..........
........##.....#...........>.....
..).....##..##.#....# #..........
........##..# .....# #.........#
........##..# #....#.#.....∩...#
##.####..#[.# ##y..............##
#.#####...[###.@...#.##......###
.$.....#.......##### #.###### #
............##### # #
y...........### # ..............#
# ..............# # ...........#
### ...........# #..
...........## #..


You could see a hornet.

Vanquished Creatures
  Prince Ribbit (D:7)
  A yak (D:6)
  A wyvern (D:7)
  A steam dragon (D:6)
  2 water moccasins
  3 ice beasts (D:6)
  3 sky beasts
  4 black bears
  3 ogres
  2 centaurs
  A phantom (D:5)
  2 kobold brigands (D:6)
  5 bullfrogs
  2 gnoll sergeants
  2 scorpions
  A wight (D:6)
  A howler monkey (D:6)
  8 hounds
  4 jellies
  2 iguanas (D:6)
  2 gnoll boudas (D:6)
  A sleepcap (D:5)
  Natasha (thrice) (D:2)
  5 orc wizards
  20 gnolls
  18 adders
  2 shadow imps
  A white imp (D:5)
  A worm (D:2)
  3 dart slugs
  25 orcs
  5 endoplasms
  12 giant cockroaches
  8 goblins
  8 hobgoblins
  A jackal (D:2)
  10 quokkas
  15 ball pythons
  8 bats
  6 frilled lizards
  14 kobolds
  6 rats
223 creatures vanquished.

Vanquished Creatures (others)
  An orc wizard (D:4)
1 creature vanquished.

Grand Total: 224 creatures vanquished

Notes
Turn   | Place    | Note
-------+----------+-------------------------------------------
     0 | D:1      | ANNNA the Draconian Conjurer began the quest for the Orb.
     0 | D:1      | Reached XP level 1. HP: 14/14 MP: 3/3
   277 | D:1      | Reached XP level 2. HP: 20/20 MP: 3/5
  1259 | D:2      | Reached XP level 3. HP: 19/26 MP: 0/7
  1384 | D:2      | Noticed Natasha
  1494 | D:2      | Reached skill level 3 in Spellcasting
  1511 | D:2      | Learned a level 2 spell: Searing Ray
  1513 | D:2      | Learned a level 1 spell: Apportation
  1570 | D:2      | Found a runed translucent door.
  1571 | D:2      | Noticed Crazy Yiuf
  2019 | D:2      | Reached XP level 4. HP: 33/33 MP: 5/8
  2327 | D:2      | Killed Natasha
  2351 | D:2      | Noticed Natasha
  2354 | D:2      | Killed Natasha
  2449 | D:2      | Noticed Natasha
  2453 | D:2      | Killed Natasha
  2454 | D:2      | Reached XP level 5. HP: 38/38 MP: 5/10
  2669 | D:3      | Reached skill level 4 in Spellcasting
  3199 | D:3      | Found a stormy altar of Qazlal.
  3565 | D:4      | Found a sacrificial altar of Ru.
  3718 | D:4      | Reached XP level 6. HP: 45/45 MP: 10/12
  4041 | D:4      | Reached skill level 1 in Polearms
  4210 | D:4      | Reached skill level 5 in Spellcasting
  4515 | D:4      | Found a hide-covered altar of Uskayaw.
  4637 | D:4      | Your scales start taking on a dull iron-grey colour.
  4637 | D:4      | Reached XP level 7. HP: 39/51 MP: 2/14
  4989 | D:5      | Entered Level 5 of the Dungeon
  4996 | D:5      | Got the Encyclopedia of Unholy Conflagration
  5292 | D:5      | Reached skill level 5 in Conjurations
  5675 | D:5      | Found a staircase to the Ecumenical Temple.
  5698 | D:5      | Reached skill level 6 in Spellcasting
  5814 | Temple   | Entered the Ecumenical Temple
  5842 | Temple   | Became a worshipper of Ashenzari the Shackled
  5951 | D:5      | Reached skill level 1 in Fighting
  5951 | D:5      | Reached XP level 8. HP: 59/59 MP: 9/17
  6074 | D:5      | Identified the +5 sling of Abuse {drain, Int+3}
  6546 | D:5      | Found Gaguzut's Assorted Antiques.
  6554 | D:5      | Bought a scroll of identify for 46 gold pieces
  6554 | D:5      | Bought a crooked copper wand for 92 gold pieces
  6748 | D:6      | Found a glowing drain.
  6817 | Sewer    | Entered a sewer
  6993 | Sewer    | Reached skill level 7 in Spellcasting
  8642 | D:6      | Reached XP level 9. HP: 66/66 MP: 14/20
  8836 | D:6      | Reached skill level 5 in Dodging
  9018 | D:6      | Reached skill level 8 in Spellcasting
  9816 | D:7      | Found Iliwoize's Book Shop.
  9816 | D:7      | Found Giygeo's Distillery.
 10228 | D:7      | Found Geptiur's Distillery.
 10387 | D:7      | Noticed Prince Ribbit
 10755 | D:6      | Reached skill level 9 in Spellcasting
 10852 | D:7      | Killed Prince Ribbit
 10957 | D:7      | Bought a potion of heal wounds for 65 gold pieces
 10957 | D:7      | Bought a potion of heal wounds for 65 gold pieces
 10957 | D:7      | Bought a potion of heal wounds for 65 gold pieces
 11159 | D:7      | Found Qennoe's Assorted Antiques.
 11163 | D:7      | Bought a potion of heal wounds for 65 gold pieces
 11240 | D:7      | Found Desiytum's Antique Weapon Emporium.
 11271 | D:7      | Reached XP level 10. HP: 73/73 MP: 15/23
 11337 | D:7      | Reached skill level 5 in Polearms
 11387 | D:7      | Found a hazy altar of Hepliaklqana.
 11654 | D:7      | Paralysed by a hornet for 3 turns
 11654 | D:7      | Slain by a hornet

Illustrated notes

Levels and vault maps discovered:
D:1:      dpeg_arrival_boxes_within_box, layout_basic,
          minmay_misc_feat_nine_boxes
D:2:      minmay_evil_eye, layout_basic, minmay_vboxes, uniq_natasha,
          uniq_crazy_yiuf_cottage
D:3:      layout_rooms, old_standard_altar, kennysheep_nondescript
D:4:      layout_loops_ring, mainiacjoe_overflow_paths,
          nicolae_uskayaw_dance_hall, serial_forest,
          infiniplex_forest_straight_4, infiniplex_forest_lined_2,
          infiniplex_forest_split, infiniplex_forest_end_2,
          infiniplex_forest_clump_double, infiniplex_forest_clump_long,
          infiniplex_forest_clump_double, infiniplex_forest_clump_tiny
D:5:      layout_loops_ring, minmay_temple_entry_drinking_statues, serial_shops,
          nicolae_shop_peninsula, kennysheep_small_square
D:6:      layout_layer_cave, gup_sewer_entry_bowl, nzn_random_ring
D:7:      layout_rooms, nicolae_hepliaklqana_hazy_memory, led_sif_pool,
          serial_shops, nicolae_square_shop, nicolae_stop_n_shop_1, shop, shop,
          shop, nicolae_stop_n_shop_1, uniq_prince_ribbit1
Temple:   lightli_temple_of_artemis

Skill      XL: |  1  2  3  4  5  6  7  8  9 10 |
---------------+-------------------------------+-----
Stealth        | 2 3 |  3.2
Dodging        | 2 3 4 6 |  6.6
Spellcasting   | 3 4 5 6 7 9 |  9.2
Polearms       | 1 2 3 4 5 |  5.0
Conjurations   | 5 6 |  6.7
Fighting       | 1 2 |  2.2
Translocations | |  0.3

Action                     |  1- 3 |  4- 6 |  7- 9 | 10-12 || total
---------------------------+-------+-------+-------+-------++-------
  Melee: Unarmed           |    11 |       |       |       ||    11
         Tailslap          |     5 |     2 |     7 |       ||    14
         Dagger            |    28 |       |       |       ||    28
         Spear             |       |    32 |       |       ||    32
         Halberd           |       |       |    63 |     1 ||    64
   Cast: Magic Dart        |    73 |   131 |   239 |    18 ||   461
         Apportation       |     2 |     4 |       |       ||     6
         Searing Ray       |       |     9 |    61 |     9 ||    79
    Use: Potion            |     3 |       |       |       ||     3
         Scroll            |     1 |     3 |     4 |       ||     8
 Armour: Skin              |    22 |    36 |   144 |    13 ||   215
  Dodge: Dodged            |    44 |    56 |   183 |    13 ||   296
